 Dungeon Crawl Stone Soup version 0.31-a0-117-g42d8f58691 (webtiles) character file.

Game seed: 14986418491112034829

18 MackTheKnife the Cutter (level 2, 0/24 HPs)
             Began as a Vine Stalker Berserker on May 30, 2023.
             Was a Follower of Trog.
             Succumbed to an adder's poison
             ... on level 2 of the Dungeon.
             The game lasted 00:01:14 (289 turns).

MackTheKnife the Cutter (Vine Stalker Berserker)     Turns: 289, Time: 00:01:15

Health: 0/24       AC:  2    Str: 19    XL:     2   Next: 66%
Magic:  0/3        EV: 12    Int:  7    God:    Trog [*.....]
Gold:   2          SH:  0    Dex: 13    Spells: 1/1 levels left

rFire   . . .        a - +0 short sword {short}
rCold   . . .        (no shield)
rNeg    . . .        b - +0 animal skin
rPois   .            (no helmet)
rElec   .            (no cloak)
rCorr   .            (no gloves)
SInv    .            (no boots)
Will    .....        (no amulet) Stlth
                     (no ring)
HPRegen 0.24/turn    (no ring)
MPRegen 0.08/turn

%: guardian spirit
@: berserking, lethally poisoned (0 -> -7), very quick
A: fangs 2, magic shield, antimagic bite, no potion heal 2
a: Renounce Religion, Berserk


You were on level 2 of the Dungeon.
You worshipped Trog.
Trog was aware of your devotion.
You visited 1 branch of the dungeon, and saw 2 of its levels.

You collected 2 gold pieces.


Innate Abilities, Weirdness & Mutations

You have extremely sharp teeth.
When hurt, damage is shared between your health and your magic reserves.
Your bite disrupts and absorbs the magic of your enemies.
Potions cannot restore your health.


   Skills:
 - Level 2.6 Fighting
 + Level 3.5 Short Blades
 - Level 1.5 Armour
 - Level 1.5 Dodging


You had one spell level left.
You didn't know any spells.
Your spell library was empty.

Inventory:

Hand Weapons
 a - a +0 short sword (weapon) {short}
Armour
 b - a +0 animal skin (worn)
Scrolls
 c - a scroll of amnesia {unknown}
 d - a scroll of brand weapon {unknown}
 g - a scroll of immolation {unknown}
Potions
 e - a potion of resistance {unknown}
 f - a potion of degeneration {unknown}

Dungeon Overview and Level Annotations

Branches:
Dungeon (2/15) Zot: 11714

Altars:

#....†...#.#.#
#.# #
'....#####.#.#
#.# #....#
#.#.# #.#
###### #.#.#
#.# # # #
#.#.#.#.#.# ..
.
#.###.#.#.##..#
.
..............#
#
#####.#S#.##..#
..(....@.......
........####..#
.####...# .#
...... #
###=.## #.. ...
.#.#


You could see an adder.


Message History

😕 HP[-1]
You take 1 damage, and now have 15/16 hp.
You barely miss the hobgoblin. You bite the hobgoblin.
You kill the hobgoblin!
Trog accepts your kill. 😎 HP[+1]
Your hp is fully restored (16).
No target in view!
You see here a hobgoblin corpse.
A ball python comes into view.
The ball python barely misses you. The ball python grabs you.
The ball python constricts you. 😕 HP[-1]
You take 1 damage, and now have 15/16 hp.
You hit the ball python. You bite the ball python.
You kill the ball python!
Trog accepts your kill.
No target in view! 😎 HP[+1]
Your hp is fully restored (16).
d - a scroll labelled AMAMMA MOTEAMP You open the door.
Found a stone staircase leading down.
There is an open door here.
There is a stone staircase leading down here.
e - a murky grey potion
There is a stone staircase leading down here.
You climb downwards.
There is a stone staircase leading up here.
A rat comes into view.
The rat moves out of view.
You open the door.
A rat comes into view.
The rat moves out of view.
There is an open door here.
The rat closely misses you. The rat barely misses you.
You hit the rat.
You kill the rat!
Trog accepts your kill.
You hit the rat but do no damage. Your bite misses the rat.
The rat bites you. 😕 HP[-1]
You take 1 damage, and now have 15/16 hp.
You hit the rat.
You kill the rat!
Trog accepts your kill.
f - a fizzy black potion 😎 HP[+1]
Your hp is fully restored (16).
You now have 2 gold pieces.
Search for what [? for help]? armour
g - a scroll labelled NUNKAM UMUHIO An adder comes into view.
The adder hisses angrily.
The adder moves out of view.
The adder misses you. The adder misses you.
You hit the adder but do no damage. Your bite misses the adder.
The adder bites you. 😕 HP[-1]
You take 1 damage, and now have 15/16 hp.
You hit the adder but do no damage. You bite the adder. You drain its power.
The adder bites you. 😮 HP[-3] MP[-1]
You take 3 damage, and now have 12/16 hp.
You lost 1 mp, and now have 2/3 mp.
You are too injured to fight recklessly!
You are too injured to fight recklessly!
Unknown command.
You are too injured to fight recklessly!
You barely miss the adder. Your bite misses the adder.
The adder bites you. 😮 HP[-2]
You take 2 damage, and now have 10/16 hp.
You barely miss the adder. The adder bites you.
* * * LOW HITPOINT WARNING * * *
The adder bites you.
* * * LOW HITPOINT WARNING * * *
You are poisoned.
The adder poisons you! 😨 HP[-3] MP[-1]
You take 3 damage, and now have 7/16 hp.
You lost 1 mp, and now have 1/3 mp.
You miss the adder.
* * * LOW HITPOINT WARNING * * *
You feel sick. The adder bites you.
* * * LOW HITPOINT WARNING * * *
😱 HP[-5]
You take 5 damage, and now have 2/16 hp.
MASSIVE DAMAGE!! (PAUSE)
A red film seems to cover your vision as you go berserk!
You feel yourself moving faster!
You feel mighty!
* * * LOW HITPOINT WARNING * * *
You feel sick. The adder bites you.
* * * LOW HITPOINT WARNING * * *
You are more poisoned.
The adder poisons you! 😱 HP[-1] MP[-1]
You now have 24 max hp (+8).
You lost 1 mp, and now have 0/3 mp.
You closely miss the adder. Your bite misses the adder.
You die...

Skill      XL: |  1 |
---------------+----+-----
Short Blades   | 3 |  3.5
Fighting       | |  2.6
Armour         | |  1.5
Dodging        | |  1.5

Action                     || total
---------------------------++-------
  Melee: Short sword       ||    40
         Bite              ||     8
         Punch             ||     1
 Invoke: Berserk           ||     1
   Stab: Sleeping          ||     1
 Armour: Animal skin       ||     4
  Dodge: Dodged            ||    26

Levels and vault maps discovered:
D:1:      lightli_arrival_chessboard, layout_loops_corners,
          chequers_serial_rivers_marsh
D:2:      layout_basic, serial_shops, shop, uniq_crazy_yiuf_cottage

Notes
Turn   | Place    | Note
-------+----------+-------------------------------------------
     0 | D:1      | MackTheKnife the Vine Stalker Berserker began the quest for
                  | the Orb.
     0 | D:1      | Reached XP level 1. HP: 11/11 MP: 2/2
     0 | D:1      | magus.rc [v1.9.6]
    30 | D:1      | Reached skill level 3 in Short Blades
    60 | D:1      | Reached XP level 2. HP: 14/16 MP: 3/3
   287 | D:2      | HP: 2/16 [adder (3)]
   289 | D:2      | Succumbed to an adder's poison

Vanquished Creatures
  2 ball pythons (D:1)
  2 bats (D:1)
  2 giant cockroaches (D:1)
  3 goblins (D:1)
  A hobgoblin (D:1)
  A quokka (D:1)
  A frilled lizard (D:1)
  3 rats
15 creatures vanquished.

Table legend:
 A = Non-vault XP
 B = Vault XP
 C = Vault XP percentage of total XP
 D = Non-vault monster count
 E = Vault monster count
 F = Vault count percentage of total count
                 A         B        C        D         E       F
            +---------+---------+-------+---------+---------+-------
      Total |      26 |       0 |   0.0 |      15 |       0 |   0.0
            +---------+---------+-------+---------+---------+-------
        D:1 |      24 |       0 |   0.0 |      13 |       0 |   0.0
        D:2 |       2 |       0 |   0.0 |       2 |       0 |   0.0
            +---------+---------+-------+---------+---------+-------

Skill      XL: |  1 |
---------------+----+-----
Short Blades   | 3 |  3.5
Fighting       | |  2.6
Armour         | |  1.5
Dodging        | |  1.5

Action                     || total
---------------------------++-------
  Melee: Short sword       ||    40
         Bite              ||     8
         Punch             ||     1
 Invoke: Berserk           ||     1
   Stab: Sleeping          ||     1
 Armour: Animal skin       ||     4
  Dodge: Dodged            ||    26

Illustrated notes

Table legend:
 A = Kills in this place as a percentage of kills in the entire game.
 B = Kills by you in this place as a percentage of kills by you in the entire game.
 C = Kills by friends in this place as a percentage of kills by friends in the entire game.
 D = Other kills in this place as a percentage of other kills in the entire game.
 E = Experience gained in this place as a percentage of experience gained in the entire game.
 F = Experience gained in this place divided by the number of levels of this place that you have seen.
                   A       B       C       D       E      F
               +-------+-------+-------+-------+-------+----------------------
         Total | 100.0 | 100.0 |   N/A |   N/A | 100.0 |  13.0
       Dungeon | 100.0 | 100.0 |   N/A |   N/A | 100.0 |  13.0
               +-------+-------+-------+-------+-------+----------------------

Table legend: (Time is in decaauts)
 A = Elapsed time spent in this place.
 B = Non-inter-level travel time spent in this place.
 C = Inter-level travel time spent in this place.
 D = Time resting spent in this place.
 E = Time spent auto-exploring this place.
 F = Levels seen in this place.
 G = Mean time per level.
                   A        B        C        D        E       F      G
               +--------+--------+--------+--------+--------+-----+--------+
         Total |    285 |    285 |      0 |      0 |      0 |   2 |  142.5 |
       Dungeon |    285 |    285 |      0 |      0 |      0 |   2 |  142.5 |
               +--------+--------+--------+--------+--------+-----+--------+

Top non-repeatable levels by time:
     D:1: 194 daAuts
     D:2: 90 daAuts
